 Dungeon Crawl Stone Soup version 0.29-a0-495-g17b79114eb (webtiles) character file.

Game seed: 10183957031933012876

1103 Zdeegee the Sneak (level 8, -5/58 HPs)
             Began as a Demonspawn Brigand on May 28, 2022.
             Was an Initiate of Gozag.
             Slain by a yak (15 damage)
             ... on level 4 of the Dungeon.
             The game lasted 00:14:34 (7019 turns).

Zdeegee the Sneak (Demonspawn Brigand)              Turns: 7019, Time: 00:14:35

Health: -5/58      AC:  4    Str: 12    XL:     8   Next: 11%
Magic:  9/9        EV: 21    Int: 12    God:    Gozag
Gold:   173        SH:  0    Dex: 17    Spells: 7/8 levels left

rFire   . . .      SeeInvis .   a - +2 dagger (chaos)
rCold   . . .      Faith    .   (no shield)
rNeg    . . .      Spirit   .   b - +0 robe
rPois   .          Reflect  .   (no helmet)
rElec   .          Harm     .   c - +0 cloak
rCorr   .          Rampage  .   (no gloves)
Will    .....                   (no boots)
Stlth   +++.......              (no amulet)
HPRegen 0.19/turn               h - +4 ring of evasion
MPRegen 0.22/turn               C - +4 ring of evasion

@: gold aura, on berserk cooldown, slowed, very slow
A: hooves 1, powered by pain 2, magic regeneration, sharp scales 1
a: Renounce Religion, Potion Petition, Call Merchant, Bribe Branch


You were on level 4 of the Dungeon.
You worshipped Gozag.
Gozag was aware of your devotion.
You visited 2 branches of the dungeon, and saw 6 of its levels.

You collected 256 gold pieces.
You paid 83 gold pieces to Gozag.

Inventory:

Hand Weapons
 a - a +2 dagger of chaos (weapon)
 m - a +2 antimagic dagger
 n - a +0 hunting sling
 r - a +2 trident of flaming
Missiles
 d - 8 poisoned darts
 e - 7 curare-tipped darts (quivered)
Armour
 b - a +0 robe (worn)
 c - a +0 cloak (worn)
 p - an orb of light
Jewellery
 h - a +4 ring of evasion (left hand)
 C - a +4 ring of evasion (right hand)
Wands
 j - a wand of charming (9)
 q - a wand of flame (31)
 x - a wand of mindburst (12)
Scrolls
 s - 2 scrolls of immolation
 w - a scroll of fog
 y - a scroll of fear {unknown}
Potions
 f - a potion of berserk rage
 g - 3 potions of attraction
 k - 2 potions of mutation
 o - a potion of might
 t - 2 potions of haste {unknown}
 z - a potion of heal wounds {unknown}
 A - a potion of flight {unknown}
 B - a potion of brilliance {unknown}
 D - a potion of curing {unknown}
 E - a potion of magic {unknown}


   Skills:
 * Level 3.1 Fighting
 * Level 4.8 Short Blades
 + Level 2.0 Throwing
 * Level 2.3 Armour
 * Level 3.4 Dodging
 * Level 5.6 Stealth
 + Level 0.8 Spellcasting
 * Level 2.2 Hexes
 + Level 0.7 Necromancy
 * Level 1.9 Evocations


You had 7 spell levels left.
You knew the following spells:

 Your Spells              Type           Power      Damage    Failure   Level
a - Necrotize             Necr           8%         1d4       22%         1

Your spell library contained the following spells:

 Spells                   Type           Power      Damage    Failure   Level
 Apportation              Tloc           0%         N/A       30%         1
 Magic Dart               Conj           0%         1d3       30%         1
 Summon Small Mammal      Summ           0%         N/A       30%         1
 Call Imp                 Summ           0%         N/A       43%         2
 Mephitic Cloud           Conj/Pois/Air  0%         N/A       67%         3


Dungeon Overview and Level Annotations

Branches:
Dungeon (5/15)             Temple (1/1) D:4

Altars:
Ashenzari
Cheibriados
Fedhas
Gozag
Hepliaklqana
Kikubaaqudgha
Nemelex Xobeh
Okawaru
Qazlal
Ru
Trog
Uskayaw
Yredelemnul


Innate Abilities, Weirdness & Mutations

You have large cloven feet.
You sometimes gain power by taking damage.
You regenerate magic rapidly.
You are partially covered in razor-sharp scales. (AC +1, Slay +1)


Message History

Your +2 dagger erupts in a glittering mayhem of colour.
a - a +2 dagger of chaos (weapon)
The ice beast misses you. The yak misses you. The yak completely misses you.
Unknown command.
As you read the scroll labelled YTZUOSS DOSENE, it crumbles to dust.
You hear a loud clanging noise!
It was a scroll of noise.
The ice beast completely misses you. The yak gores you!
* * * LOW HITPOINT WARNING * * *
The yak barely misses you.
Okay, then.
It was a potion of berserk rage.
A red film seems to cover your vision as you go berserk!
You feel yourself moving faster!
You feel mighty!
The ice beast hits you but does no damage.
The yak misses you. The yak completely misses you.
You puncture the ice beast!
You feel better.
You kick the ice beast!
The ice beast is severely wounded.
The ice beast completely misses you. The yak closely misses you.
The yak misses you.
You hit the ice beast.
You melt the ice beast.
The ice beast is almost dead.
You closely miss the ice beast. Your kick misses the ice beast.
The ice beast is almost dead.
The ice beast hits you but does no damage.
The yak barely misses you. The yak completely misses you.
You puncture the ice beast!
You kill the ice beast!
The yak completely misses you.
You see here 22 gold pieces.
You feel a strong urge to attack something.
The yak is distracted by your dazzling golden aura.
You are no longer berserk.
You are exhausted.
You feel yourself slow down.
As you read the scroll labelled BYNAL GYAZATAJ, it crumbles to dust.
Wisps of shadow whirl around you...
It was a scroll of summoning.
The yak gores you!
You die...
Your body crumbles into a pile of gold.

#..##.###.# ##.....##
#.# #..##.# #.#
##...## #.#
#..##.###.#######'##
#.#
#..............##.#
#.#
#####.####.###.##.#
#.# #........#.##.##
#.# ######.#.#K#o..##
#.#
#......oo..#######.#
###.l.@YY..........#
######$..######.##
#>### #.# #.# #.# #.#
#.## #.# #..# #.# ##.#
#.#############
########.#8.........8#


You could see 2 yaks, a friendly iguana (summoned), a friendly orc priest
(summoned), 2 friendly orcs and a friendly kobold (summoned).

Vanquished Creatures
  3 yaks
  A black bear (D:4)
  An ice beast (D:4)
  A necrophage (D:4)
  A hound (D:5)
  A jelly (D:5)
  An orc priest (D:3)
  Terence (D:2)
  An iguana (D:4)
  Ijyb (D:3)
  Robin (D:2)
  5 adders
  7 gnolls
  4 worms
  5 dart slugs
  6 orcs
  6 endoplasms
  A giant cockroach (D:2)
  11 hobgoblins
  11 jackals
  10 kobolds
  4 quokkas
  11 ball pythons
  5 bats
  3 frilled lizards
  23 goblins
  8 rats
133 creatures vanquished.

Notes
Turn   | Place    | Note
-------+----------+-------------------------------------------
     0 | D:1      | Zdeegee the Demonspawn Brigand began the quest for the Orb.
     0 | D:1      | Reached XP level 1. HP: 16/16 MP: 1/1
    94 | D:1      | Reached skill level 1 in Dodging
   137 | D:1      | Gained mutation: You are partially covered in razor-sharp
                  | scales. (AC +1, Slay +1) [demonic ancestry]
   137 | D:1      | Reached XP level 2. HP: 20/22 MP: 2/2
   226 | D:1      | Reached skill level 4 in Stealth
   246 | D:1      | Learned a level 1 spell: Necrotize
   336 | D:1      | Found a faded altar of an unknown god.
   704 | D:1      | Reached skill level 1 in Armour
   704 | D:1      | Gained mutation: You have large cloven feet. [demonic
                  | ancestry]
   704 | D:1      | Reached XP level 3. HP: 27/27 MP: 3/3
  1376 | D:2      | Found a hide-covered altar of Uskayaw.
  1439 | D:2      | Noticed Robin
  1729 | D:1      | Gained mutation: You sometimes gain a little power by
                  | taking damage. [demonic ancestry]
  1729 | D:1      | Reached XP level 4. HP: 33/33 MP: 1/4
  2437 | D:2      | Reached skill level 1 in Hexes
  2563 | D:2      | Noticed Terence
  2576 | D:2      | Killed Terence
  2577 | D:2      | Gained mutation: You sometimes gain power by taking damage.
                  | [demonic ancestry]
  2577 | D:2      | Reached XP level 5. HP: 27/39 MP: 6/6
  2776 | D:2      | Killed Robin
  4011 | D:3      | Reached XP level 6. HP: 46/46 MP: 7/7
  4036 | D:3      | Noticed Ijyb
  4065 | D:3      | Killed Ijyb
  4379 | D:3      | Found a basalt altar of Yredelemnul.
  5498 | D:4      | Found a staircase to the Ecumenical Temple.
  6269 | D:5      | Entered Level 5 of the Dungeon
  6304 | D:5      | Noticed a yak
  6305 | D:5      | Noticed a yak
  6321 | D:5      | Reached skill level 5 in Stealth
  6321 | D:5      | Reached skill level 1 in Evocations
  6321 | D:5      | Reached XP level 7. HP: 43/51 MP: 8/8
  6357 | Temple   | Entered the Ecumenical Temple
  6418 | Temple   | Became a worshipper of Gozag Ym Sagoz the Greedy
  6477 | D:5      | Noticed a yak
  6479 | D:5      | Noticed a yak
  6482 | D:5      | Noticed a yak
  6491 | D:5      | Killed a yak
  6514 | D:4      | Killed a yak
  6951 | D:4      | Killed a yak
  6952 | D:4      | Gained mutation: You regenerate magic rapidly. [demonic
                  | ancestry]
  6952 | D:4      | Reached XP level 8. HP: 42/58 MP: 9/9
  7019 | D:4      | Slain by a yak

Illustrated notes

Levels and vault maps discovered:
D:1:      dpeg_arrival_rhombus, layout_basic, ebering_ecumenical_altar_webs
D:2:      layout_basic, basic_altar, minivault_4, st_stairs_4,
          minmay_misc_feat_ornament, grunt_decor_junction, uniq_robin,
          uniq_terence
D:3:      kennysheep_goblin_castle, layout_basic, mainiacjoe_overflow_alcove_4
D:4:      layout_loops_corners, minmay_temple_entry_from_below_b,
          hangedman_decor_riveting, hex_medium
D:5:      layout_cave_pools, nicolae_overflow_hidden_temple
Temple:   minmay_temple_bridge_abc

Skill      XL: |  1  2  3  4  5  6  7 |
---------------+----------------------+-----
Dodging        | 1 2 3 |  3.4
Stealth        | 4 5 |  5.6
Short Blades   | 2 3 4 |  4.8
Armour         | 1 2 |  2.3
Hexes          | 1 2 |  2.2
Evocations     | 1 |  1.9
Throwing       | 2 |  2.0
Fighting       | 3 |  3.1
Spellcasting   | |  0.8
Necromancy     | |  0.7

Action                   |  1- 3 |  4- 6 |  7- 9 || total
-------------------------+-------+-------+-------++-------
Melee: Dagger            |   112 |   230 |    64 ||   406
       Kick              |     9 |    54 |    28 ||    91
Throw: Dart              |     5 |    17 |     1 ||    23
 Cast: Necrotize         |    13 |    12 |       ||    25
Evoke: Wand              |       |     1 |       ||     1
  Use: Scroll            |       |     4 |     4 ||     8
       Potion            |       |       |     1 ||     1
 Stab: Sleeping          |     5 |    15 |       ||    20
Armor: Robe              |    25 |    22 |     7 ||    54
Dodge: Dodged            |    83 |   142 |    67 ||   292

Table legend: (Time is in decaauts)
 A = Elapsed time spent in this place.
 B = Non-inter-level travel time spent in this place.
 C = Inter-level travel time spent in this place.
 D = Time resting spent in this place.
 E = Time spent auto-exploring this place.
 F = Levels seen in this place.
 G = Mean time per level.
                   A        B        C        D        E       F      G
               +--------+--------+--------+--------+--------+-----+--------+
         Total |   6966 |   6489 |    477 |   1088 |   3883 |   6 | 1161.0 |
       Dungeon |   6879 |   6402 |    477 |   1088 |   3862 |   5 | 1375.8 |
        Temple |     87 |     87 |      0 |      0 |     21 |   1 |   87.0 |
               +--------+--------+--------+--------+--------+-----+--------+

Top non-repeatable levels by time:
     D:3: 2095 daAuts
     D:1: 1594 daAuts
     D:2: 1534 daAuts
     D:4: 1519 daAuts
     D:5: 135 daAuts
  Temple: 87 daAuts
